 Dungeon Crawl Stone Soup version 0.31.0-11-ge490571c62 (webtiles) character file.

Game seed: 3208723359822466886

34290 Arcadio the Spry (level 14, -3/165 HPs)
             Began as a Djinni Fire Elementalist on Jan 27, 2024.
             Was a High Priest of Ashenzari.
             Killed from afar by a fire dragon (11 damage)
             ... with a blast of flame
             ... on level 3 of the Lair of Beasts.
             The game lasted 00:42:46 (15929 turns).

Arcadio the Spry (Djinni Fire Elementalist)        Turns: 15929, Time: 00:42:48

Health: -3/165     AC: 31    Str:  7    XL:     14   Next: 12%
Gold:   812        EV:  2    Int: 21    God:    Ashenzari [*****.] SH:  0 Dex: 15

rFire   + + .        A - +5 rapier of Ashenzari's Annoyance {vamp, ^Contam Fly rPois rF++, Cun, Elem} (curse)
rCold   . . .        (no shield)
rNeg    . . .        v - melded +1 robe of Ashenzari's Relativism {rN+, Self, Sorc} (curse)
rPois   ∞            y - melded +2 helmet "Shackled Together" {Elem, Range} (curse)
rElec   .            Y - melded +0 cloak of the Manifest Welkin {Dev, Elem} (curse)
rCorr   .            l - melded +0 pair of gloves "Cursed With Me" {Comp, Melee} (curse)
SInv    +            (boots unavailable)
Will    ++...        t - amulet "Restrained Apathy" {Regen+, Self, Cun} (curse)
Stlth   +++          w - ring "Tethered Jealousy" {AC+4, Elem, Cun} (curse)
HPRegen 1.27/turn    X - ring "Share My Embarrassment" {Will+, Cun, Melee} (curse)
MPRegen 0.00/turn

%: clarity, infuse magic (-4 HP)
@: tree-form
A: stationary, stasis, torment immunity, boosted hp, sickness immunity, (fire
resistance 2), (cold vulnerability 1), float, innate caster, HP casting, extra
vitality 1
a: Renounce Religion, Shatter the Chains


You were on level 3 of the Lair of Beasts.
You worshipped Ashenzari.
Ashenzari was extremely pleased with you.
You were a tree.
You visited 4 branches of the dungeon, and saw 17 of its levels.
You also visited: Bailey.

You collected 812 gold pieces.

Inventory:

Hand Weapons
 b - a +0 falchion
 A - the cursed +5 rapier of Ashenzari's Annoyance (weapon) {vamp, ^Contam Fly rPois rF++, Cun, Elem}
   (You took it off a spriggan in a bailey)

   rF++:      It greatly protects you from fire.
   rPois:     It protects you from poison Fly: It grants you flight.
   ^Contam:   It causes magical contamination when unequipped.
   It has a curse which improves the following skills: Cunning: Dodging and
   Stealth.
   Elements:  Fire Magic, Ice Magic, Air Magic and Earth Magic.
 N - the +0 dagger of Exquisite Death {freeze, Int+2}
   (You took it off an orc wizard on level 10 of the Dungeon)

   Int+2:     It affects your intelligence (+2).
Missiles
 k - a throwing net
Armour
 a - a +0 robe
 i - a +0 troll leather armour
 l - the cursed +0 pair of gloves "Cursed With Me" (melded) {Comp, Melee}
   (You found it on level 2 of the Dungeon)

   It has a curse which improves the following skills: Companions: Summonings
   and Necromancy.
   Melee Combat: Short Blades, Long Blades, Axes, Maces & Flails, Polearms,
   Staves and Unarmed Combat.
 v - the cursed +1 robe of Ashenzari's Relativism (melded) {rN+, Self, Sorc}
   (You took it off Sigmund on level 5 of the Dungeon)

   It has a curse which improves the following skills: Introspection: Fighting
   and Spellcasting.
   Sorcery:   Conjurations and Alchemy.
 y - the cursed +2 helmet "Shackled Together" (melded) {Elem, Range}
   (You found it on level 6 of the Dungeon)

   It has a curse which improves the following skills: Elements: Fire Magic, Ice
   Magic, Air Magic and Earth Magic.
   Ranged Combat: Ranged Weapons and Throwing.
 G - a +0 pair of gloves
 L - +0 steam dragon scales
 M - a +2 robe of fire resistance
 O - a +2 robe of willpower
 Y - the cursed +0 cloak of the Manifest Welkin (melded) {Dev, Elem}
   (You found it on level 2 of the Lair of Beasts)

   It has a curse which improves the following skills: Devices: Evocations and
   Shapeshifting.
   Elements:  Fire Magic, Ice Magic, Air Magic and Earth Magic.
Jewellery
 t - the cursed amulet "Restrained Apathy" (around neck) {Regen+, Self, Cun}
   (You found it on level 4 of the Dungeon)

   [amulet of regeneration]

   Regen+:    It increases your rate of health regeneration.
   It has a curse which improves the following skills: Introspection: Fighting
   and Spellcasting.
   Cunning:   Dodging and Stealth.
 w - the cursed ring "Tethered Jealousy" (left branch) {AC+4, Elem, Cun}
   (You found it on level 5 of the Dungeon)

   [ring of protection]

   AC+4:      It affects your AC (+4).
   It has a curse which improves the following skills: Elements: Fire Magic, Ice
   Magic, Air Magic and Earth Magic.
   Cunning:   Dodging and Stealth.
 R - an amulet of regeneration
 S - an amulet of the acrobat
 X - the cursed ring "Share My Embarrassment" (right branch) {Will+, Cun, Melee}
   (You found it on level 2 of the Lair of Beasts)

   [ring of willpower]

   Will+:     It increases your willpower.
   It has a curse which improves the following skills: Cunning: Dodging and
   Stealth.
   Melee Combat: Short Blades, Long Blades, Axes, Maces & Flails, Polearms,
   Staves and Unarmed Combat.
Wands
 d - a wand of mindburst (6)
 u - a wand of roots (18)
 x - a wand of flame (18)
 Q - a wand of digging (3)
Scrolls
 e - 3 scrolls of vulnerability
 f - 4 scrolls of amnesia
 j - 2 scrolls of poison
 m - 4 scrolls of immolation
 n - 3 scrolls of noise
 q - 4 scrolls of fog
 r - 14 scrolls of identify
 z - 4 scrolls of blinking
 B - 3 scrolls of butterflies
 C - a scroll of teleportation
 F - a scroll of silence
 I - 2 scrolls of enchant armour
 V - 2 scrolls of revelation
 W - a scroll of brand weapon
Potions
 c - 4 potions of resistance
 g - 3 potions of brilliance
 h - a potion of might
 o - 3 potions of invisibility
 p - 8 potions of cancellation
 s - 5 potions of mutation
 D - 2 potions of haste
 E - 5 potions of curing
 H - a potion of ambrosia
 J - a potion of enlightenment
 P - a potion of attraction
 U - a potion of heal wounds
Miscellaneous
 T - a lightning rod (2/4)


   Skills:
 + Level 11.4(13.5) Fighting
 + Level 15.8(20.7) Dodging
 - Level 1.5(4.6) Stealth
 + Level 11.7(13.8) Spellcasting
 + Level 11.7 Conjurations
 + Level 11.7 Hexes
 + Level 11.7 Summonings
 + Level 11.7 Necromancy
 + Level 11.7 Translocations
 + Level 11.7(14.8) Fire Magic
 + Level 11.7(14.8) Ice Magic
 + Level 11.7(14.8) Air Magic
 + Level 11.7(14.8) Earth Magic
 + Level 11.7 Alchemy


You knew the following spells:

 Your Spells              Type           Power      Damage    Failure   Level
a - Fireball              Conj/Fire      31%        3d13      1%          5
b - Scorch                Fire           100%       2d9       0%          2
c - Volatile Blastmotes   Fire/Tloc      100%       2d18      1%          3
d - Inner Flame           Hex/Fire       63%        N/A       1%          3
e - Flame Wave            Conj/Fire      63%        2d15      1%          4
f - Magic Dart            Conj           100%       1d8       1%          1
g - Mercury Vapours       Alch/Air       100%       N/A       1%          2
h - Mephitic Cloud        Conj/Alch/Air  62%        N/A       1%          3
i - Martyr's Knell        Necr/Summ      59%        N/A       1%          4
j - Cause Fear            Hex            29%        N/A       1%          4
k - Foxfire               Conj/Fire      100%       2x1d9     1%          1
Your spell library was empty.

Dungeon Overview and Level Annotations

Branches:
Dungeon (12/15)            Temple (1/1) D:4            Lair (3/5) D:11
 Shoals (0/4) Lair:3       Spider (1/4) Lair:2          Orc (0/2) D:11
 Bailey (visited)

Altars:
Ashenzari
Cheibriados
Dithmenos
Elyvilon
Fedhas
Makhleb
Nemelex Xobeh
Okawaru
Qazlal
Ru
Trog
Uskayaw
Wu Jian
Xom
Yredelemnul
Zin
The Shining One

Shops:
D:2 *(   D:8 =   D:9 =

Annotations:
D:9 Erica
Lair:3 3 runed translucent doors, Nefuv's ghost, journeyman MiBe
Spider:1 Aizul


Innate Abilities, Weirdness & Mutations

You are a tree.
Your roots penetrate the ground, keeping you stationary.
You cannot be teleported.
You are immune to unholy pain and torment.
Your maximum health is greatly increased.
Your equipment is partially melded.
You are immune to sickness and miasma.
You are immune to poison.
((Your flesh is very heat resistant. (rF++)))
((You are vulnerable to cold. (rC-)))
You float through the air rather than walking.
You learn spells naturally, not from books.
Your magical power is your life essence.
You have superior vitality. (+4 MHP)


Message History

The fire dragon completely misses you.
You hit the fire dragon.
You feel better.
The fire dragon is severely wounded.
The fire dragon bites you but does no damage.
The fire dragon closely misses you. The fire dragon tramples you!
* * * LOW HITPOINT WARNING * * *
You are shoved backwards!
Okay, then.
You turn into a tree.
The cursed +0 cloak of the Manifest Welkin {Dev, Elem} melds into your body.
The cursed +2 helmet "Shackled Together" {Elem, Range} melds into your body.
The cursed +0 pair of gloves "Cursed With Me" {Comp, Melee} melds into your body.
The cursed +1 robe of Ashenzari's Relativism {rN+, Self, Sorc} melds into your body.
You feel less protected from negative energy.
Your roots penetrate the ground.
The fire dragon breathes flames at you. The blast of flame hits you!
You resist.
* * * LOW HITPOINT WARNING * * *
You hit the fire dragon.
The fire dragon is almost dead.
The fire dragon bites you!
* * * LOW HITPOINT WARNING * * *
The fire dragon claws you but does no damage.
The fire dragon tramples you.
* * * LOW HITPOINT WARNING * * *
You hit the fire dragon.
The fire dragon is almost dead.
The fire dragon bites you but does no damage.
The fire dragon claws you.
* * * LOW HITPOINT WARNING * * *
The fire dragon tramples you.
* * * LOW HITPOINT WARNING * * *
Aiming: Thunderbolt
Press: ? - help, Shift-Dir - straight line, f/p - fire dragon
Aim: a fire dragon (almost dead)
The thunderbolt hits the fire dragon.
The fire dragon is almost dead.
The fire dragon breathes flames at you. The blast of flame hits you!
You resist.
You die...

P#.###.....P♣~≈PP♣♣ **,,,,
...........~~~~~~~# *#.,,,,**
...........~.~P~P♣♣ #####..,,,,,*
.#..#.............♣##P....,,,,,,,
##.###...........###PP..#********
#####...................#**** ***
# #.............[...##**~~*#*~≈
######................####~,.#..≈
.#P###..........♣D......'##.....#
...............†..###...'.'..%..#
###.P#............##P...'##.....#
P#................###.####~,.#..≈
......................# *~~*#*~§
..................#...# **** ***
...#..............#...#
..#...............#...#
..##.#................#


You could see a fire dragon (catching breath).

Vanquished Creatures
  A hydra (Lair:2)
  A boulder beetle (D:9)
  A centaur warrior (D:9)
  2 two-headed ogres
  6 death yaks
  A skyshark (Lair:2)
  A lindwurm (Lair:3)
  A cyclops (D:9)
  A manticore (Lair:3)
  3 meliai (D:11)
  8 elephants
  A gargoyle (D:10)
  8 cane toads
  3 unseen horrors
  2 kobold demonologists
  6 komodo dragons
  4 trolls
  A wind drake (Lair:3)
  4 polar bears
  2 hornets
  17 blink frogs
  Sigmund (D:5)
  5 spriggans (Bailey)
  A wraith (D:9)
  3 wyverns
  20 yaks
  A basilisk (Lair:1)
  2 steam dragons
  A redback (Lair:2)
  A vampire mosquito (D:10)
  2 water moccasins
  3 orc warriors
  2 sky beasts
  3 ice beasts
  4 black bears
  6 ogres (Bailey)
  6 wolves (Lair:3)
  7 centaurs
  A phantom (D:5)
  2 kobold brigands
  10 bullfrogs
  3 gnoll sergeants
  9 scorpions
  3 wights (D:8)
  12 killer bees (D:9)
  5 howler monkeys
  2 electric eels
  2 bombardier beetles (D:5)
  4 hounds
  A jelly (D:6)
  5 orc priests
  11 orc wizards
  2 sleepcaps
  Ijyb (D:5)
  3 iguanas
  18 gnolls
  12 adders
  3 shadow imps
  A white imp (D:6)
  2 ufetubi (D:7)
  2 dart slugs
  4 ribbon worms
  40 orcs
  9 ball pythons
  10 endoplasms
  6 giant cockroaches
  6 hobgoblins
  5 jackals
  14 kobolds
  5 quokkas
  7 bats
  3 frilled lizards
  7 goblins
  11 rats
383 creatures vanquished.

Vanquished Creatures (collateral kills)
  A yak (D:9)
  2 foxfires (D:1)
3 creatures vanquished.

Vanquished Creatures (others)
  A centaur simulacrum (D:10)
  An orc wizard (D:9)
  37 foxfires
39 creatures vanquished.

Grand Total: 425 creatures vanquished

Notes
Turn   | Place    | Note
-------+----------+-------------------------------------------
     0 | D:1      | Arcadio the Djinni Fire Elementalist began the quest for
                  | the Orb.
     0 | D:1      | Arcadio set off with the following spells memorised:
                  | Foxfire, Scorch, Volatile Blastmotes, Inner Flame, Flame
                  | Wave.
     0 | D:1      | Reached XP level 1. HP: 15/15 MP: 0/0
   101 | D:1      | Reached XP level 2. HP: 15/21 MP: 0/0
   420 | D:1      | Reached skill level 3 in Dodging
   420 | D:1      | Reached XP level 3. HP: 24/25 MP: 0/0
   420 | D:1      | Learned a level 1 spell: Magic Dart
   882 | D:2      | Reached XP level 4. HP: 25/31 MP: 0/0
  1005 | D:2      | Found Nonabo's Weapon Shop.
  1015 | D:2      | Found Zasaleemn's General Store.
  1255 | D:2      | Reached skill level 4 in Dodging
  1255 | D:2      | Reached XP level 5. HP: 26/35 MP: 0/0
  1255 | D:2      | Learned a level 2 spell: Mercury Vapours
  2386 | D:3      | Found a sacrificial altar of Ru.
  2491 | D:3      | Noticed an ice beast
  2501 | D:3      | Killed an ice beast
  2502 | D:3      | Reached skill level 5 in Dodging
  2502 | D:3      | Reached XP level 6. HP: 29/40 MP: 0/0
  2675 | D:3      | Found a faded altar of an unknown god.
  2679 | D:3      | Prayed at the altar of an unknown god.
  2679 | D:3      | Became a worshipper of Ashenzari the Shackled
  2841 | D:4      | HP: 1/40 [endoplasm (1)]
  3141 | D:4      | Found a staircase to the Ecumenical Temple.
  3150 | Temple   | Entered the Ecumenical Temple
  3304 | D:4      | Reached XP level 7. HP: 18/45 MP: 0/0
  3304 | D:4      | Learned a level 3 spell: Mephitic Cloud
  3434 | D:4      | Found a snail-covered altar of Cheibriados.
  3851 | D:4      | Reached skill level 6 in Dodging
  3887 | D:4      | Reached skill level 5 in Spellcasting
  3887 | D:4      | Reached skill level 5 in Conjurations
  3887 | D:4      | Reached skill level 5 in Hexes
  3887 | D:4      | Reached skill level 5 in Summonings
  3887 | D:4      | Reached skill level 5 in Necromancy
  3887 | D:4      | Reached skill level 5 in Translocations
  3887 | D:4      | Reached skill level 5 in Fire Magic
  3887 | D:4      | Reached skill level 5 in Ice Magic
  3887 | D:4      | Reached skill level 5 in Air Magic
  3887 | D:4      | Reached skill level 5 in Earth Magic
  3887 | D:4      | Reached skill level 5 in Alchemy
  3933 | D:5      | Entered Level 5 of the Dungeon
  3945 | D:5      | Noticed Sigmund
  3949 | D:5      | Killed Sigmund
  3975 | D:5      | Reached XP level 8. HP: 47/50 MP: 0/0
  4043 | D:5      | Reached * piety under Ashenzari
  4127 | D:5      | Reached skill level 7 in Dodging
  4282 | D:5      | Reached skill level 8 in Dodging
  4398 | D:5      | Reached XP level 9. HP: 47/55 MP: 0/0
  4398 | D:5      | Learned a level 4 spell: Martyr's Knell
  4454 | D:5      | Reached ** piety under Ashenzari
  4777 | D:5      | Noticed Ijyb
  4785 | D:5      | Killed Ijyb
  4999 | D:6      | Noticed a troll
  5005 | D:6      | Killed a troll
  5006 | D:6      | Reached skill level 9 in Dodging
  5153 | D:6      | Reached *** piety under Ashenzari
  5766 | D:7      | Found a flagged portal.
  5786 | D:7      | Reached skill level 10 in Dodging
  5829 | Bailey   | Entered a bailey
  5863 | Bailey   | Reached skill level 1 in Fighting
  5873 | Bailey   | Reached XP level 10. HP: 48/67 MP: 0/0
  5877 | Bailey   | Noticed a two-headed ogre
  5890 | Bailey   | Killed a two-headed ogre
  5891 | Bailey   | Reached skill level 11 in Dodging
  5987 | Bailey   | Identified the +5 rapier "Goderch" {vamp, ^Contam Fly rPois
                  | rF++}
  6373 | D:7      | Found a stormy altar of Qazlal.
  6566 | D:7      | Found an ornate altar of the Wu Jian Council.
  6788 | D:8      | Found Sotuomoo's Jewellery Shop.
  6958 | D:8      | Reached skill level 5 in Fighting
  6958 | D:8      | Reached XP level 11. HP: 68/79 MP: 0/0
  6958 | D:8      | Learned a level 4 spell: Cause Fear
  7163 | D:8      | Reached **** piety under Ashenzari
  7470 | D:9      | Identified the Almanac of Aeromancy and Silt
  7470 | D:9      | Found Golab's Jewellery Shoppe.
  7483 | D:9      | Reached skill level 12 in Dodging
  7530 | D:9      | Found a blossoming altar of Fedhas.
  8261 | D:10     | Entered Level 10 of the Dungeon
  8263 | D:10     | Noticed a two-headed ogre
  8263 | D:10     | Noticed Erica
  8407 | D:10     | Noticed a centaur warrior
  8421 | D:10     | Noticed a two-headed ogre
  8433 | D:10     | Noticed a boulder beetle
  8565 | D:9      | Killed a two-headed ogre
  9152 | D:10     | Noticed a cyclops
  9362 | D:10     | Identified the +0 dagger of Exquisite Death {freeze, Int+2}
  9370 | D:9      | Killed a centaur warrior
  9534 | D:9      | Killed a cyclops
  9698 | D:9      | HP: 3/85 [boulder beetle (15)]
  9711 | D:9      | Killed a boulder beetle
  9712 | D:9      | Reached skill level 13 in Dodging
  9875 | D:10     | Reached XP level 12. HP: 86/92 MP: 0/0
 10709 | D:11     | Noticed a death yak
 10790 | D:11     | Reached skill level 10 in Spellcasting
 10790 | D:11     | Reached skill level 10 in Conjurations
 10790 | D:11     | Reached skill level 10 in Hexes
 10790 | D:11     | Reached skill level 10 in Summonings
 10790 | D:11     | Reached skill level 10 in Necromancy
 10790 | D:11     | Reached skill level 10 in Translocations
 10790 | D:11     | Reached skill level 10 in Fire Magic
 10790 | D:11     | Reached skill level 10 in Ice Magic
 10790 | D:11     | Reached skill level 10 in Air Magic
 10790 | D:11     | Reached skill level 10 in Earth Magic
 10790 | D:11     | Reached skill level 10 in Alchemy
 10966 | D:11     | Found a staircase to the Orcish Mines.
 11071 | D:11     | Noticed a death yak
 11072 | D:11     | Noticed a death yak
 11150 | D:11     | Found a staircase to the Lair.
 11256 | Lair:1   | Entered Level 1 of the Lair of Beasts
 11605 | Lair:1   | Reached skill level 14 in Dodging
 12309 | Lair:2   | Reached XP level 13. HP: 53/101 MP: 0/0
 12309 | Lair:2   | Learned a level 5 spell: Fireball
 12918 | Lair:2   | Found a hole to the Spider Nest.
 13004 | Spider:1 | Entered Level 1 of the Spider Nest
 13005 | Spider:1 | Noticed an entropy weaver
 13006 | Spider:1 | Identified the serpent talisman of Hide-and-Seek {Will+
                  | Str+3 Int-2}
 13006 | Spider:1 | Noticed Aizul
 13031 | Lair:2   | Noticed a six-headed hydra
 13035 | Lair:2   | Killed a six-headed hydra
 13036 | Lair:2   | Reached skill level 10 in Fighting
 13450 | Lair:2   | Reached skill level 15 in Dodging
 13882 | Lair:1   | Identified the cursed +2 helmet "Shackled Together" {Elem,
                  | Range} (You found it on level 6 of the Dungeon)
 13882 | Lair:1   | Identified the cursed +0 pair of gloves "Cursed With Me"
                  | {Comp, Melee} (You found it on level 2 of the Dungeon)
 13882 | Lair:1   | Identified the cursed +1 robe of Ashenzari's Relativism
                  | {rN+, Self, Sorc} (You took it off Sigmund on level 5 of
                  | the Dungeon)
 14464 | Lair:2   | Reached ***** piety under Ashenzari
 14943 | Lair:3   | Found a staircase to the Shoals.
 15191 | Lair:3   | Reached XP level 14. HP: 52/112 MP: 0/0
 15346 | Lair:3   | Found a runed translucent gate.
 15346 | Lair:3   | Found a runed translucent gate.
 15346 | Lair:3   | Found a runed translucent gate.
 15351 | Lair:3   | Noticed Nefuv's ghost (journeyman MiBe)
 15906 | Lair:3   | Identified the cursed +0 cloak of the Manifest Welkin {Dev,
                  | Elem} (You found it on level 2 of the Lair of Beasts)
 15928 | Lair:3   | HP: 7/165 [fire dragon (2)]
 15929 | Lair:3   | Killed from afar by a fire dragon

Illustrated notes

Levels and vault maps discovered:
D:1:      dpeg_arrival_tiny_a, layout_loops_cross, serial_bayou,
          serial_bayou_crossing, serial_bayou_pond_a, serial_bayou_pond_a,
          serial_bayou_pond_d
D:2:      layout_loops_corners, serial_shops, shop, shop_statue, st_stairs_6
D:3:      layout_basic, nicolae_ru_great_annihilating_truth,
          cheibrodos_sewer_entry_bend, serial_corexii_hall,
          chequers_hall_statues_wall_a, chequers_hall_statues_corner_a,
          hellmonk_ecumenical_altar_leap_of_faith, st_stairs_11
D:4:      minmay_chambers_of_twos, layout_basic, cheibriados_altar_1,
          minmay_temple_entry_waves
D:5:      layout_gridville, grunt_ministairs_2, st_stairs_1,
          kennysheep_pointless_box, serial_library_regret_index_small_wings,
          uniq_ijyb, uniq_sigmund
D:6:      layout_cave_pods, serial_park, serial_park_square1
          [serial_park_minivault_5x5_8], serial_park_paths
          [serial_park_minivault_5x5_2], serial_park_tiny_1,
          serial_park_tiny_pond, serial_park_tiny_1
D:7:      layout_basic, mainiacjoe_overflow_large_starburst, enter_bailey_6
D:8:      layout_gridville, minmay_shop_enchanted_jewellery
D:9:      layout_loops_ring, old_standard_altar, serial_shops,
          nicolae_diamond_shop, grunt_decor_clamped
D:10:     minmay_bloctagon, layout_rooms, nicolae_overflow_hidden_temple,
          uniq_erica
D:11:     layout_gridville, dpeg_lair_monsters, orc_0_dummy
D:12:     layout_irregular_city
Temple:   jpeg_temple_clearing
Lair:1:   layout_hall_layers, cheibrodos_lair_lostbears
Lair:2:   layout_regular_city, nicolae_spider_entry_non_spiders,
          infiniplex_staircase_pool, grunt_megastairs_3
Lair:3:   layout_gridlike, minmay_shoals_entry_beasts,
          gammafunk_ghost_necromancy, hellmonk_talismancer, grunt_megastairs_5,
          serial_bayou_shore_b
Spider:1: layout_spider_delve, ebering_ghost_reflecting_pool,
          nicolae_spider_some_kinda_spiderbox,
          hangedman_spider_tarantella_strand, uniq_aizul

Skill      XL: |  1  2  3  4  5  6  7  8  9 10 11 12 13 |
---------------+----------------------------------------+-----
Dodging        | 3 4 5 6 8 10 11 13 14 15 | 15.8
Spellcasting   | 4 5 6 7 8 9 10 11 | 11.7
Conjurations   | 4 5 6 7 8 9 10 11 | 11.7
Hexes          | 4 5 6 7 8 9 10 11 | 11.7
Summonings     | 4 5 6 7 8 9 10 11 | 11.7
Necromancy     | 4 5 6 7 8 9 10 11 | 11.7
Translocations | 4 5 6 7 8 9 10 11 | 11.7
Fire Magic     | 4 5 6 7 8 9 10 11 | 11.7
Ice Magic      | 4 5 6 7 8 9 10 11 | 11.7
Air Magic      | 4 5 6 7 8 9 10 11 | 11.7
Earth Magic    | 4 5 6 7 8 9 10 11 | 11.7
Alchemy        | 4 5 6 7 8 9 10 11 | 11.7
Fighting       | 1 5 7 9 11 | 11.4
Stealth        | |  1.5

Action                     |  1- 3 |  4- 6 |  7- 9 | 10-12 | 13-15 || total
---------------------------+-------+-------+-------+-------+-------++-------
  Melee: Unarmed           |     4 |       |       |       |       ||     4
         Falchion          |    16 |       |       |       |       ||    16
         Dagger            |     4 |    11 |     1 |       |       ||    16
         Rapier            |       |       |       |    27 |    60 ||    87
         Punch             |       |       |       |       |     1 ||     1
   Cast: Foxfire           |    24 |     2 |     2 |       |       ||    28
         Scorch            |    12 |    98 |   146 |   491 |   198 ||   945
         Flame Wave        |       |     1 |     5 |       |       ||     6
         Martyr's Knell    |       |       |       |     7 |     1 ||     8
         Cause Fear        |       |       |       |     5 |     1 ||     6
         Mephitic Cloud    |       |       |       |     1 |       ||     1
         Fireball          |       |       |       |       |    43 ||    43
 Invoke: Curse Item        |       |       |     5 |     2 |     2 ||     9
         Shatter the Chain |       |       |       |     1 |       ||     1
  Evoke: Wand              |       |       |       |     7 |     1 ||     8
         Lightning rod     |       |       |       |       |     2 ||     2
    Use: Potion            |       |     1 |     1 |     5 |     6 ||    13
         Scroll            |       |       |       |     2 |       ||     2
   Stab: Sleeping          |       |       |     1 |     1 |       ||     2
 Armour: Robe              |    20 |    18 |    37 |   241 |   132 ||   448
         Skin              |       |       |       |       |    74 ||    74
  Dodge: Dodged            |    22 |    26 |    49 |   444 |   227 ||   768
